 Dungeon Crawl Stone Soup version 0.31.0-11-ge490571c62 (webtiles) character file.

Game seed: 8414777307779592333

26 Aviak the Caller (level 2, -4/19 HPs)
             Began as a Demonspawn Summoner on Jan 26, 2024.
             Slain by Natasha (6 damage)
             ... on level 2 of the Dungeon.
             The game lasted 00:02:40 (903 turns).

Aviak the Caller (Demonspawn Summoner)               Turns: 903, Time: 00:02:41

Health: -4/19      AC:  4    Str:  8    XL:     2   Next: 89%
Magic:  1/5        EV: 12    Int: 15    God:
Gold:   62         SH:  0    Dex: 13    Spells: 2/5 levels left

rFire   . . .        k - +2 dagger (venom)
rCold   . . .        (no shield)
rNeg    . . .        a - +0 robe
rPois   .            (no helmet)
rElec   .            (no cloak)
rCorr   .            (no gloves)
SInv    .            (no boots)
Will    .....        (no amulet)
Stlth   ++           (no ring)
HPRegen 0.23/turn    (no ring)
MPRegen 0.09/turn

%: no passive effects
@: no status effects
A: thin metallic scales 1
a: no special abilities


You were on level 2 of the Dungeon.
You visited 1 branch of the dungeon, and saw 2 of its levels.

You collected 62 gold pieces.

Inventory:

Hand Weapons
 k - a +2 dagger of venom (weapon)
Armour
 a - a +0 robe (worn)
Scrolls
 d - a scroll of identify {unknown}
 e - a scroll of fear {unknown}
 f - 3 scrolls of revelation {unknown}
 g - a scroll of noise {unknown}
 i - a scroll of blinking {unknown}
 l - 2 scrolls of enchant weapon {unknown}
 m - a scroll of vulnerability {unknown}
Potions
 b - 2 potions of magic
 c - a potion of might {unknown}
 h - a potion of curing {unknown}
 j - a potion of ambrosia {unknown}


   Skills:
 + Level 2.3 Dodging
 - Level 1.7 Stealth
 + Level 2.4 Spellcasting
 + Level 4.3 Summonings


You had 2 spell levels left.
You knew the following spells:

 Your Spells              Type           Power      Damage    Failure   Level
a - Summon Small Mammal   Summ           56%        N/A       3%          1
b - Call Imp              Summ           28%        N/A       5%          2

Your spell library contained the following spells:

 Spells                   Type           Power      Damage    Failure   Level
 Sublimation of Blood     Necr           1%         N/A       32%         2
 Call Canine Familiar     Summ           14%        N/A       11%         3
 Summon Blazeheart Golem  Fire/Summ      8%         N/A       65%         4
 Summon Lightning Spire   Summ/Air       8%         N/A       65%         4
 Petrify                  Alch/Erth      1%         N/A       91%         4
 Irradiate                Conj/Alch      0%         3d11      99%         5


Dungeon Overview and Level Annotations

Branches:
Dungeon (2/15)

Altars:

Shops:
D:1 [

Annotations:
D:2 Natasha


Innate Abilities, Weirdness & Mutations

You are partially covered in thin metallic scales. (AC +2)


Message History

No target in view!
No target in view!
You see here a frilled lizard corpse.
There is a stone staircase leading down here.
You climb downwards.
There is a stone staircase leading up here.
b - 2 potions of magic (gained 1)
m - a scroll labelled ARIMEG TUFE Natasha, Servant of Life and Death comes into view.
Found a scroll labelled PEMION YKEUNKEDES.
Natasha hisses angrily.
Natasha howls an incantation.
You feel disoriented.
Natasha stares at you and mumbles some strange words.
The magic dart hits you.
Natasha is nearby!
Casting: Summon Small Mammal (safe; 3% risk of failure)
Confirm with . or Enter, or press ? or * to list all spells.
Casting: Summon Small Mammal (safe; 3% risk of failure)
Confirm with . or Enter, or press ? or * to list all spells.
A tiny devil pulls itself out of the air.
Your cerulean imp says, "Let's spread disruption!"
Casting: Call Imp (safe; 5% risk of failure)
Confirm with . or Enter, or press ? or * to list all spells.
Natasha misses your bat.
Your cerulean imp completely misses Natasha.
Your bat hits Natasha but does no damage.
You swap places.
Your bat barely misses Natasha.
Natasha claws you!
Your cerulean imp hits Natasha from afar with a -3 spear.
You barely miss Natasha.
Natasha is moderately wounded.
Your bat barely misses Natasha.
Natasha claws you!
* * * LOW HITPOINT WARNING * * *
Your cerulean imp hits Natasha but does no damage.
You swap places.
Your bat barely misses Natasha.
Natasha wildly gestures.
Natasha shimmers violently.
Natasha attacks as she pursues you! Natasha claws you.
You die...
Natasha curls up and begins to purr.

....... ....
........#...#
^.......#...#
......?.#...
........#..#########
........#..#.......#
......$.#..#.#####.#
.......h@..#.# #.#
....b..5...#.# #.#
#####.##r....#####.#
#.......###....#
#######.# #.####
#.###.# #....<#
#######


You could see Natasha (ally target), a friendly cerulean imp (summoned), a
friendly bat (summoned) and a friendly rat (summoned).

Vanquished Creatures
  A hobgoblin (D:1)
  4 bats (D:1)
  3 frilled lizards (D:1)
  A rat (D:1)
9 creatures vanquished.

Vanquished Creatures (collateral kills)
  4 endoplasms (D:1)
  A giant cockroach (D:1)
  A goblin (D:1)
  2 hobgoblins (D:1)
  3 kobolds (D:1)
  A ball python (D:1)
  3 bats (D:1)
  A rat (D:1)
16 creatures vanquished.

Grand Total: 25 creatures vanquished

Notes
Turn   | Place    | Note
-------+----------+-------------------------------------------
     0 | D:1      | Aviak the Demonspawn Summoner began the quest for the Orb.
     0 | D:1      | Reached XP level 1. HP: 13/13 MP: 3/3
   167 | D:1      | Gained mutation: You are partially covered in thin metallic
                  | scales. (AC +2) [demonic ancestry]
   167 | D:1      | Reached XP level 2. HP: 19/19 MP: 0/5
   269 | D:1      | Learned a level 2 spell: Call Imp
   405 | D:1      | Found Ohen's Armour Shoppe.
   896 | D:2      | Noticed Natasha
   903 | D:2      | Slain by Natasha

Illustrated notes

Levels and vault maps discovered:
D:1:      spicycebolla_arrival_xxxplode, layout_basic, serial_shops,
          nicolae_shop_peninsula
D:2:      layout_basic, ebering_ecumenical_altar_box, uniq_sigmund, uniq_natasha

Skill      XL: |  1 |
---------------+----+-----
Dodging        | 2 |  2.3
Stealth        | |  1.7
Spellcasting   | |  2.4
Summonings     | |  4.3

Action                     || total
---------------------------++-------
  Melee: Unarmed           ||    70
         Punch             ||     1
         Dagger            ||     9
   Cast: Summon Small Mamm ||    14
         Call Imp          ||     8
   Stab: Distracted        ||     1
 Armour: Robe              ||    69
  Dodge: Dodged            ||    66
